 Dungeon Crawl Stone Soup version bcrawl-1.41.1 (webtiles) character file.

Game seed: 5126554963173895133

426932 Mehrunes the Warrior (level 16, 156/156 HPs)
             Began as a Centaur Archaeologist on Mar 17, 2024.
             Was an Initiate of Gozag.
             Quit the game on level 2 of the Spider Nest on Apr 13, 2024.
             The game lasted 01:35:23 (29876 turns).

Mehrunes the Warrior (Centaur Archaeologist)       Turns: 29876, Time: 01:35:23

Health: 156/156    AC: 23    Str: 20      XL:     16   Next: 1%
Magic:  22/22      EV: 12    Int: 13 (14) God:    Gozag
Gold:   705        SH:  3    Dex: 21      Spells: 15/23 levels left

rFire    . . .     GDR:     38% b - +4 longbow of Action {flame, rC+ Dex+7}
rCold    + . .     SeeInvis .   (shield currently unavailable)
rNeg     . . .     Gourm    .   f - +0 troll leather armour
rPois    +         Faith    .   d - +1 helmet
rElec    +         Spirit   .   w - +2 cloak
rCorr    .         Reflect  +   R - +2 pair of gloves {Dex+3}
MR       ++...                  F - +2 barding
Stlth    ++........             s - +3 amulet of reflection
HPRegen  0.76/turn              N - ring of poison resistance
MPRegen  0.18/turn              P - +6 ring of slaying

@: very quick
A: large, hooves 3, deformed body, herbivore, speed 2, magic resistance 1,
electricity resistance, tough skin 3
a: Potion Petition, Call Merchant, Bribe Branch, Renounce Religion


You were on level 2 of the Spider Nest.
You worshipped Gozag.
Gozag was pleased with you.
You were very hungry.

You visited 5 branches of the dungeon, and saw 22 of its levels.
You also visited: Gauntlet.

You collected 7308 gold pieces.
You spent 2861 gold pieces at shops.
You paid 3742 gold pieces to Gozag.

Inventory:

Hand Weapons
 a - a +4 flail of draining
 b - the +4 longbow of Action (weapon) {flame, rC+ Dex+7}
   (You bought it in a shop in the Orcish Mines)

   It causes projectiles fired from it to surge with flame as they hit,
   increasing damage dealt by approximately one third against foes not resistant
   or susceptible to fire.
   It affects your dexterity (+7).
   It protects you from cold.
 k - a +6 longbow
 T - a +0 morningstar
Missiles
 t - 3794 arrows (quivered)
 B - 4 throwing nets {=f}
Armour
 d - a +1 helmet (worn)
 f - a +0 troll leather armour (worn)
 w - a +2 cloak (worn)
 F - a +2 barding (worn)
 R - a +2 pair of gloves of dexterity (worn)
Jewellery
 h - an uncursed ring of protection from cold
 j - an uncursed ring of wizardry
 s - a +3 amulet of reflection (around neck)
 u - the ring "Ammunabb" {MR+ Dex+5 Stlth+}
   (You found it on level 1 of the Spider Nest)

   [ring of protection from magic]

   It affects your dexterity (+5).
   It affects your resistance to hostile enchantments.
   It makes you more stealthy.
 A - an uncursed ring of protection from fire
 N - a ring of poison resistance (left hand)
 P - a +6 ring of slaying (right hand)
 Q - an uncursed ring of protection from cold
Wands
 n - a wand of paralysis (3)
 y - a wand of acid (18)
 D - a wand of charming (22)
 K - a wand of digging (15)
 Y - a wand of disintegration (51)
Scrolls
 g - 4 scrolls of revelation
 i - a scroll of identify
 l - a scroll of fear
 o - 3 scrolls of blinking
 p - 15 scrolls of teleportation
 v - 5 scrolls of amnesia
 x - 9 scrolls of remove curse
 M - 3 scrolls of fog
Potions
 c - 2 potions of mutation
 m - 2 potions of heal wounds
 q - 8 potions of flight
 z - 3 potions of berserk rage
 C - 3 potions of might
 E - 10 potions of curing
 G - 3 potions of magic
 J - a potion of resistance
 L - a potion of degeneration
 O - a potion of haste
 S - a potion of lignification
 W - a potion of brilliance
 X - 2 potions of agility
Miscellaneous
 r - a fan of gales (2/2)
 I - a sack of spiders
 V - a lightning rod (4/4)
Comestibles
 e - 12 rations {!d}


   Skills:
 + Level 17.6 Fighting
 - Level 14.0 Maces & Flails
 * Level 15.3 Bows
 + Level 8.7 Armour
 - Level 5.7 Dodging
 - Level 2.0 Stealth
 - Level 4.0 Spellcasting
 + Level 7.2 Charms
 - Level 6.0 Fire Magic
 + Level 3.4 Air Magic
 - Level 9.2 Evocations


You had 15 spell levels left.
You knew the following spells:

 Your Spells              Type           Power        Failure   Level  Hunger
a - Flaming Arrows        Chrm/Fire      ###.....     2%          2    None
b - Deflect Missiles      Chrm/Air       ###.......   99%         6    #######

Your spell library contained the following spells:

 Spells                   Type           Power        Failure   Level  Hunger
 Flame Tongue             Conj/Fire      ##...        7%          1    None
 Conjure Flame            Conj/Fire      ##......     21%         3    ###....
 Inner Flame              Hex/Fire       N/A          21%         3    ###....
 Corona                   Hex            #......      24%         1    None
 Necrotize                Necr           #.....       24%         1    None
 Sandblast                Erth           #.....       24%         1    None
 Passwall                 Tmut/Erth      #.......     34%         2    None
 Shackle                  Hex            #.......     34%         2    None
 Airstrike                Air            ##........   50%         4    #####..
 False Image              Hex/Summ       #.......     56%         3    ###....
 Stone Arrow              Conj/Erth      #.....       56%         3    ###....
 Vampiric Draining        Necr           #.........   56%         3    ###....
 Sticky Flame             Conj/Fire      ##......     56%         4    #####..
 Lightning Bolt           Conj/Air       #.......     75%         4    #####..
 Fireball                 Conj/Fire      ##........   88%         5    ######.
 Agony                    Necr           #.......     93%         4    #####..
 Animate Dead             Necr           N/A          93%         4    #####..
 Cause Fear               Hex            #.........   93%         4    #####..
 Fulminant Prism          Conj/Hex       #.........   93%         4    #####..
 Petrify                  Tmut/Erth      #.........   93%         4    #####..
 Tree Form                Hex/Tmut       N/A          93%         4    #####..
 Yara's Violent Unravell  Hex/Tmut       #.........   93%         4    #####..
 Silence                  Hex/Air        #.........   97%         5    ######.
 Dispel Undead            Necr           #.......     100%        5    ######.
 Lee's Rapid Deconstruct  Erth           #.........   100%        5    ######.
 Statue Form              Tmut/Erth      #........    100%        6    #######
 Dragon Form              Tmut           #......      100%        7    #######
 Necromutation            Tmut/Necr      #.......     100%        8    #######
 Tornado                  Tloc/Air       #.........   100%        8    #######


Dungeon Overview and Level Annotations

Branches:
Dungeon (12/12)            Temple (1/1) D:4            Lair (6/6) D:9
 Shoals (0/3) Lair:4       Spider (2/3) Lair:2        Slime (0/5) Orc
    Orc (1/1) D:11            Elf (0/3) Lair:5       Vaults (0/3) D:12
 Depths (0/5) D:12

Altars:
Ashenzari
Cheibriados
Dithmenos
Elyvilon
Fedhas
Gozag
Hepliaklqana
Kikubaaqudgha
Lugonu
Makhleb
Nemelex Xobeh
Okawaru
Qazlal
Ru
Sif Muna
Trog
Uskayaw
Vehumet
Wu Jian
Xom
Yredelemnul
Zin
The Shining One
Jiyva

Shops:
D:6 %   D:9 *   D:10 [   Orc :(*[%   Lair:3 [   Lair:6 (

Annotations:
D:8 3 runed translucent doors, tronn's ghost, amateur FoAc
D:12 exclusion: door, Agnes; Roxanne
Spider:2 2 transporters, Galewind's ghost, adept AvCj Orc 1 runed door


Innate Abilities, Weirdness & Mutations

You have hooves in place of feet.
Armour fits poorly on your strangely shaped body.
You are a herbivore.
You cover ground very quickly.
You have extremely tough skin. (AC +3)
You are resistant to hostile enchantments. (MR+)
You are resistant to electric shocks. (rElec)


Message History

The tarantella hisses angrily.
You hear an angry hiss.
The jumping spider hisses angrily.
There is a transporter here.
Press: ? - help, v - describe, . - travel
Here: Galewind's ghost, wielding a vorpal weapon (fire blocked by a translucent stone wall)
Okay, then.
Unknown command.
Drop what? 51/52 slots (_ for help) (? for menu, Esc to quit)
Autopickup disabled for rings of insulation.
You drop the +1 chain mail of the Sneaky Brambles {+Fly}.
You drop an uncursed ring of insulation.
Current Action for \{19} (^S): [none] Input macro action:
Okay, then.
Saving game... please wait.
Level annotation: 2 transporters, Galewind's ghost, adept AvCj Welcome back, Mehrunes the Centaur Archaeologist.
Gozag says: Greed is good.
Press m to set your skill training.
Press ? for a list of commands and other information.
Are you sure you want to abandon this character and quit the game? (Confirm with "yes".)

#.^##..........## #####..##
##........#....#$..ys.##..#
##.#...^#..^..##y.#.s.(##.#
#....<#.^.....#.#.s.#Ws.#.#
##..##..[..#..# .#.##..##.##
#...#..^#....##[#...#y#©..#
##............#s#.....##..##
#...##...?.=©#sW.©# #...#
##.##.....@..#ys#... #.^..
###.....#..##s....# ##....
##########........# .#.#$..#.....
...##..##...#.....# s#.#...#...##
...........###....##...y...#.....
......#....###.(#..###.s.###.....
..........^.###......#####.......
...^.......## #..................
....##.#....###..#...............


You could see a moth of wrath, an orb spider, a jumping spider, 2 tarantellas
and Galewind's ghost.

Vanquished Creatures
  Frances (Spider:2)
  Jorgrun (D:11)
  Rupert (Lair:5)
  Kirke (D:12)
  A frost giant (D:12)
  An orc warlord (Orc)
  An emperor scorpion (Spider:1)
  A ghost moth (Spider:1)
  An ettin (Orc)
  Snorg (Lair:4)
  Urug (Lair:1)
  4 vault guards (D:12)
  5 hydras
  Josephine (Lair:6)
  Harold (D:8)
  Erica (D:8)
  An ogre mage (D:11)
  A great orb of eyes (D:11)
  7 two-headed ogres
  An orc high priest (Orc)
  Nergalle (Lair:2)
  5 centaur warriors
  An unseen horror (D:11)
  2 wizards
  An orange crystal statue (Spider:2)
  A cyclops (D:12)
  5 orc knights
  10 orb spiders
  A deep elf mage (D:12)
  7 wolf spiders
  3 orc sorcerers
  3 ugly things
  A manticore (Lair:6)
  A moth of wrath (Spider:2)
  A black mamba (shapeshifter) (D:11)
  4 black mambas
  7 elephants
  31 cane toads
  2 gargoyles
  15 jumping spiders
  A kobold demonologist (D:12)
  2 rime drakes (Lair:5)
  An eye of draining (D:9)
  5 demonic crawlers
  7 komodo dragons
  2 yaktaurs (D:12)
  3 meliai (D:11)
  Maurice (D:9)
  A merfolk (D:9)
  4 tyrant leeches (Lair:6)
  3 polar bears
  2 hornets
  5 trolls
  3 harpy skeletons
  Prince Ribbit (D:6)
  6 slime creatures
  13 hippogriffs
  12 dream sheep
  22 blink frogs
  Sigmund (D:2)
  2 meliai zombies
  15 tarantellas
  8 wraiths
  A wyvern (Lair:5)
  2 hogs (D:12)
  12 yaks
  Eustachio (D:5)
  5 hungry ghosts
  19 redbacks
  A basilisk (Lair:1)
  Menkaure (D:5)
  6 wargs
  8 vampire mosquitoes
  Edmund (D:4)
  A two-headed ogre zombie (D:11)
  10 crocodiles
  8 water moccasins
  5 porcupines
  6 sky beasts
  4 ice beasts
  23 orc warriors
  2 black bears
  10 ogres
  3 wolves (Lair:2)
  21 bullfrogs
  3 kobold brigands
  A wyvern zombie (D:7)
  A gnoll sergeant (D:10)
  10 centaurs
  7 scorpions
  2 troll zombies (D:11)
  9 killer bees
  7 howler monkeys
  An electric eel (Lair:6)
  20 orc priests
  4 crimson imps
  A quasit (D:11)
  3 jellies
  5 hounds
  16 orc wizards
  2 iguanas
  12 worker ants
  5 ogre zombies (D:11)
  3 hound skeletons
  3 worker ant zombies
  Robin (D:4)
  10 gnolls
  12 adders
  2 shadow imps
  2 adder skeletons
  4 worms
  3 dart slugs
  5 leopard geckos
  46 orcs
  7 giant cockroaches
  11 goblins
  9 hobgoblins
  8 jackals
  A quokka (D:5)
  A ball python (D:2)
  8 bats
  7 frilled lizards
  6 goblin zombies (D:11)
  5 hobgoblin skeletons (D:11)
  13 kobolds
  5 orc skeletons (D:11)
  9 orc zombies (D:11)
  8 rats
703 creatures vanquished.

Vanquished Creatures (collateral kills)
  A kobold brigand (D:12)
  A goblin (D:2)
2 creatures vanquished.

Vanquished Creatures (others)
  3 humans (D:12)
  A crimson imp (D:12)
  An orc (D:12)
  11 fungi
  89 plants
105 creatures vanquished.

Grand Total: 810 creatures vanquished

Notes
Turn   | Place    | Note
-------+----------+-------------------------------------------
     0 | D:1      | Mehrunes the Centaur Archaeologist began the quest for the
                  | Orb.
     0 | D:1      | Reached XP level 1. HP: 16/16 MP: 1/1
   136 | D:1      | Reached XP level 2. HP: 20/23 MP: 2/2
   342 | D:1      | Reached skill level 2 in Fighting
   420 | D:1      | Reached XP level 3. HP: 25/29 MP: 3/3
   569 | D:1      | Got a twitching platinum amulet
   811 | D:2      | Found a white marble altar of Elyvilon.
  1073 | D:2      | Found a stormy altar of Qazlal.
  1222 | D:2      | Reached XP level 4. HP: 33/37 MP: 4/4
  1347 | D:2      | Got a pitted platinum amulet
  1469 | D:2      | Noticed Sigmund
  1886 | D:2      | Found a burning altar of Makhleb.
  1951 | D:2      | Reached skill level 3 in Fighting
  2239 | D:2      | Found a white marble altar of Elyvilon.
  2675 | D:2      | Gained mutation: You are resistant to hostile enchantments.
                  | (MR+) [potion of mutation]
  2675 | D:2      | Gained mutation: Your flesh is heat resistant. (rF+)
                  | [potion of mutation]
  2675 | D:2      | Lost mutation: Your flesh is heat resistant. (rF+) [potion
                  | of mutation]
  2675 | D:2      | Gained mutation: You are resistant to electric shocks.
                  | (rElec) [potion of mutation]
  2794 | D:2      | Found a white marble altar of Elyvilon.
  3115 | D:2      | Killed Sigmund
  3116 | D:2      | Reached skill level 5 in Maces & Flails
  3116 | D:2      | Reached XP level 5. HP: 46/46 MP: 5/5
  3116 | D:2      | Reached XP level 6. HP: 52/52 MP: 6/6
  3116 | D:2      | Identified a scroll of acquirement
  3117 | D:2      | Identified the ring "Woah" {rN+ Slay+2 Stlth++} (You
                  | acquired it on level 2 of the Dungeon)
  3235 | D:2      | Found a stormy altar of Qazlal.
  3296 | D:2      | Found a burning altar of Makhleb.
  3601 | D:3      | Reached skill level 4 in Fighting
  4336 | D:3      | Reached skill level 5 in Fighting
  4685 | D:3      | Reached XP level 7. HP: 47/61 MP: 7/7
  4930 | D:4      | Noticed a hippogriff
  5013 | D:4      | Found a staircase to the Ecumenical Temple.
  5022 | Temple   | Entered the Ecumenical Temple
  5414 | Temple   | Became a worshipper of Gozag Ym Sagoz the Greedy
  5758 | D:4      | Killed a hippogriff
  5759 | D:4      | Reached skill level 6 in Fighting
  6003 | D:4      | Reached skill level 7 in Fighting
  6151 | D:4      | Reached XP level 8. HP: 58/73 MP: 8/8
  6181 | D:4      | Got a smoking chain mail
  6189 | D:4      | Identified the cursed amulet "Givyisk" {Inacc Int+2} (You
                  | found it on level 2 of the Dungeon)
  6194 | D:4      | Identified the amulet "Poagih" {Inacc rElec Int+2 Dex-4}
                  | (You found it on level 1 of the Dungeon)
  6285 | D:4      | Noticed Robin
  6303 | D:4      | Killed Robin
  6690 | D:5      | Entered Level 5 of the Dungeon
  6690 | D:5      | Noticed Edmund
  6755 | D:4      | Killed Edmund
  6952 | D:5      | Noticed a hippogriff
  6959 | D:5      | Killed a hippogriff
  6960 | D:5      | Reached skill level 8 in Fighting
  7051 | D:5      | Found a blossoming altar of Fedhas.
  7084 | D:5      | Noticed Eustachio
  7084 | D:5      | Noticed Menkaure
  7193 | D:5      | Killed Eustachio
  7194 | D:5      | Reached skill level 9 in Fighting
  7194 | D:5      | Reached skill level 10 in Maces & Flails
  7354 | D:4      | Identified the +1 chain mail of the Sneaky Brambles {+Fly}
                  | (You found it on level 4 of the Dungeon)
  7838 | D:6      | Got an ichor-stained falchion
  7886 | D:6      | Bought a ration for 55 gold pieces
  7886 | D:6      | Bought a ration for 55 gold pieces
  7886 | D:6      | Bought a ration for 55 gold pieces
  7886 | D:6      | Bought a ration for 55 gold pieces
  7886 | D:6      | Bought a ration for 55 gold pieces
  7886 | D:6      | Bought a ration for 55 gold pieces
  7886 | D:6      | Bought a ration for 55 gold pieces
  7886 | D:6      | Bought a ration for 55 gold pieces
  7886 | D:6      | Bought a ration for 55 gold pieces
  7968 | D:6      | Noticed a gargoyle
  7988 | D:6      | Killed a gargoyle
  7989 | D:6      | Reached skill level 10 in Fighting
  7989 | D:6      | Reached XP level 9. HP: 56/85 MP: 9/9
  8487 | D:7      | Noticed Prince Ribbit
  8497 | D:6      | Killed Prince Ribbit
  8700 | D:7      | Learned a level 2 spell: Flaming Arrows
  8712 | D:7      | Reached skill level 11 in Fighting
  9024 | D:7      | Found a glowing silver altar of Zin.
  9081 | D:7      | Found an ornate altar of the Wu Jian Council.
  9378 | D:8      | Found a runed translucent gate.
  9378 | D:8      | Found a runed translucent gate.
  9378 | D:8      | Found a runed translucent gate.
  9485 | D:8      | Found a corrupted altar of Lugonu.
  9534 | D:8      | Noticed Erica
  9541 | D:8      | Killed Erica
  9542 | D:8      | Reached skill level 12 in Fighting
  9542 | D:8      | Reached XP level 10. HP: 86/97 MP: 10/10
  9546 | D:8      | Noticed Harold
  9554 | D:8      | Killed Harold
  9832 | D:8      | Reached skill level 1 in Bows
 10124 | D:8      | Reached skill level 13 in Fighting
 10309 | D:8      | Noticed tronn's ghost (amateur FoAc)
 10468 | D:9      | Noticed Maurice
 10521 | D:9      | Killed Maurice
 10579 | D:9      | Found a glowing golden altar of the Shining One.
 10728 | D:9      | Found a staircase to the Lair.
 10743 | D:9      | Noticed an elephant
 10819 | D:9      | Killed an elephant
 11493 | D:10     | Entered Level 10 of the Dungeon
 11504 | D:10     | Found Ycycux's Armour Emporium.
 11541 | D:10     | Reached XP level 11. HP: 99/107 MP: 11/11
 11781 | D:10     | Noticed a two-headed ogre
 11802 | D:10     | Killed a two-headed ogre
 11803 | D:10     | Reached skill level 14 in Fighting
 11803 | D:10     | Reached skill level 5 in Bows
 11993 | D:10     | Noticed a cyan ugly thing
 12053 | D:10     | Killed a cyan ugly thing
 12927 | Lair:1   | Entered Level 1 of the Lair of Beasts
 13135 | Lair:1   | Reached skill level 1 in Charms
 13212 | Lair:1   | Found a gate leading to a gauntlet.
 13221 | Gauntlet | Entered a Gauntlet
 13221 | Gauntlet | Found a transporter.
 13221 | Gauntlet | Found a transporter.
 13250 | Gauntlet | Found a transporter.
 13254 | Gauntlet | Found a transporter.
 13266 | Gauntlet | Found a transporter.
 13268 | Gauntlet | Found a transporter.
 13268 | Gauntlet | Noticed a catoblepas
 13280 | Gauntlet | Found a transporter.
 13299 | Gauntlet | Found a transporter.
 13299 | Gauntlet | Noticed a ghost crab
 13318 | Gauntlet | Found a transporter.
 13320 | Gauntlet | Found a transporter.
 13330 | Gauntlet | Found a transporter.
 13334 | Gauntlet | Found a transporter.
 13344 | Gauntlet | Noticed a sixfirhy
 13362 | Gauntlet | Noticed a sixfirhy
 13527 | Lair:1   | Noticed Urug
 13613 | Lair:1   | Killed Urug
 13614 | Lair:1   | Reached skill level 1 in Spellcasting
 13614 | Lair:1   | Reached skill level 1 in Fire Magic
 14611 | Lair:2   | Noticed Nergalle
 15033 | Lair:2   | Found a hole to the Spider Nest.
 15349 | Lair:3   | Reached XP level 12. HP: 87/118 MP: 15/15
 15646 | Lair:3   | Reached skill level 5 in Dodging
 16432 | Lair:4   | Noticed Snorg
 17076 | Lair:4   | Killed Snorg
 17077 | Lair:4   | Reached skill level 1 in Evocations
 17137 | Lair:4   | Found a staircase to the Shoals.
 17158 | Lair:4   | Reached skill level 15 in Fighting
 17187 | Lair:4   | Reached skill level 5 in Charms
 17682 | Lair:2   | Killed Nergalle
 17836 | D:5      | Killed Menkaure
 18526 | Lair:5   | Found a staircase to the Elven Halls.
 18556 | Lair:5   | Reached skill level 5 in Fire Magic
 18804 | Lair:5   | Reached skill level 1 in Armour
 18895 | Lair:5   | Reached XP level 13. HP: 123/127 MP: 12/19
 18966 | Lair:5   | Noticed Rupert
 18981 | Lair:5   | Killed Rupert
 19299 | Lair:6   | Entered Level 6 of the Lair of Beasts
 19299 | Lair:6   | Noticed Josephine
 19538 | Lair:6   | Reached skill level 10 in Bows
 20166 | Lair:6   | Reached skill level 5 in Evocations
 20432 | Lair:6   | Killed Josephine
 20610 | Lair:6   | Reached skill level 16 in Fighting
 20722 | Lair:6   | Reached XP level 14. HP: 135/137 MP: 20/20
 20827 | Lair:6   | Reached skill level 5 in Armour
 22669 | D:11     | Found a staircase to the Orcish Mines.
 23474 | D:12     | Entered Level 12 of the Dungeon
 23660 | D:12     | Noticed Jorgrun
 23786 | D:12     | Noticed Agnes
 23796 | D:12     | Identified Liskur's Handbook of Hurtful Changing
 23812 | D:12     | Noticed Roxanne
 23831 | D:12     | Noticed Kirke
 23847 | D:12     | Killed Kirke
 24284 | D:12     | Found a gate to the Vaults.
 24437 | D:12     | Reached XP level 15. HP: 119/146 MP: 19/21
 24711 | D:12     | Reached skill level 17 in Fighting
 24767 | D:11     | Killed Jorgrun
 24852 | D:12     | Noticed a frost giant
 24860 | D:12     | Killed a frost giant
 24940 | Orc      | Entered the Orcish Mines
 25094 | Orc      | Found Xiahaurph's Food Emporium.
 25248 | Orc      | Noticed an orc warlord
 25292 | Orc      | Killed an orc warlord
 25528 | Orc      | Bought a ration for 70 gold pieces
 25528 | Orc      | Bought a ration for 70 gold pieces
 25528 | Orc      | Bought a ration for 70 gold pieces
 25528 | Orc      | Bought a ration for 70 gold pieces
 25528 | Orc      | Bought a ration for 70 gold pieces
 25528 | Orc      | Bought a ration for 70 gold pieces
 25528 | Orc      | Bought a ration for 70 gold pieces
 25598 | Orc      | Found a roughly hewn altar of Beogh.
 25726 | Orc      | Found a roughly hewn altar of Beogh.
 25787 | Orc      | Found Zotoor's Antique Armour Boutique.
 25813 | Orc      | Found Liag Puf's Book Boutique.
 25819 | Orc      | Found Pausido's General Store.
 25860 | Orc      | Found Deffatuaku's Antique Weapon Boutique.
 25868 | Orc      | Bought a masterwork longbow for 237 gold pieces
 25869 | Orc      | Identified the +4 longbow of Action {flame, rC+ Dex+7} (You
                  | bought it in a shop in the Orcish Mines)
 25985 | Orc      | Found a runed door.
 25990 | Orc      | Found a viscous altar of Jiyva.
 25990 | Orc      | Found a staircase to the Slime Pits.
 25990 | Orc      | Noticed an acid blob
 26339 | Orc      | Bought a book of the Sky for 1105 gold pieces
 26346 | Orc      | Learned a level 6 spell: Deflect Missiles
 26430 | Orc      | Bought a fan of gales (2/2) for 450 gold pieces
 26648 | Spider:1 | Entered Level 1 of the Spider Nest
 26658 | Spider:1 | Got a faintly glowing iron ring
 26661 | Spider:1 | Identified the ring "Ammunabb" {MR+ Dex+5 Stlth+} (You
                  | found it on level 1 of the Spider Nest)
 26889 | Spider:1 | Reached skill level 1 in Air Magic
 28077 | Spider:2 | Noticed Frances
 28416 | D:9      | Paralysed by fainting for 9 turns
 28473 | D:9      | Bought a scroll of identify for 42 gold pieces
 28473 | D:9      | Bought a scroll of identify for 42 gold pieces
 28936 | Spider:1 | Killed a ghost moth
 29053 | Spider:2 | Killed Frances
 29054 | Spider:2 | Reached skill level 15 in Bows
 29438 | Spider:2 | Reached XP level 16. HP: 156/156 MP: 22/22
 29469 | Spider:2 | Found a transporter.
 29478 | Spider:2 | Noticed Galewind's ghost (adept AvCj)
 29524 | Spider:2 | Found a transporter.
 29876 | Spider:2 | Upgraded the game from bcrawl-1.40.3b to bcrawl-1.41.1
 29876 | Spider:2 | Quit the game

Skill      XL: |  1  2  3  4  5  6  7  8  9 10 11 12 13 14 15 |
---------------+----------------------------------------------+-----
Maces & Flails | 2 3 5 6 8 10 12 14 | 14.0
Fighting       | 2 3 5 7 10 12 13 14 15 16 17 | 17.6
Bows           | 4 7 9 11 13 15 | 15.3
Dodging        | 3 4 5 |  5.7
Charms         | 3 5 6 7 |  7.2
Spellcasting   | 2 4 |  4.0
Fire Magic     | 3 5 6 |  6.0
Evocations     | 2 5 8 9 |  9.2
Armour         | 1 4 7 8 |  8.7
Air Magic      | 3 |  3.4
Stealth        | |  2.0

Action                   |  1- 3 |  4- 6 |  7- 9 | 10-12 | 13-15 | 16-18 || total
-------------------------+-------+-------+-------+-------+-------+-------++-------
Melee: Whip              |   134 |   151 |   127 |       |       |       ||   412
       Kick              |    23 |    27 |    31 |    72 |   103 |       ||   256
       Flail             |       |       |   111 |   316 |   379 |       ||   806
       Longbow           |       |       |       |       |     1 |       ||     1
 Fire: Blowgun           |     6 |    33 |    45 |       |       |       ||    84
       Shortbow          |       |       |       |   256 |   274 |       ||   530
       Longbow           |       |       |       |       |   679 |    12 ||   691
Throw: Tomahawk          |       |       |     6 |     9 |       |       ||    15
 Cast: Flaming Arrows    |       |       |       |    10 |    43 |       ||    53
Invok: Call Merchant     |       |       |     1 |     2 |     1 |       ||     4
       Potion Petition   |       |       |     1 |       |     1 |       ||     2
 Abil: Evoke Flight      |       |       |     1 |       |       |       ||     1
Evoke: Wand              |       |       |       |     5 |    21 |       ||    26
       Lightning rod     |       |       |       |       |     3 |       ||     3
       Sack of spiders   |       |       |       |       |     1 |       ||     1
  Use: Scroll            |     2 |     2 |     9 |     9 |    20 |       ||    42
       Potion            |       |     1 |     2 |     6 |     8 |       ||    17
 Stab: Sleeping          |       |     1 |       |       |       |       ||     1
       Distracted        |       |       |     1 |     3 |     4 |       ||     8
       Invisible         |       |       |     1 |       |       |       ||     1
       Paralysed         |       |       |       |       |    11 |       ||    11
  Eat: Ration            |     1 |     3 |     6 |    10 |    17 |       ||    37
Armor: Robe              |    66 |    52 |    88 |    47 |       |       ||   253
       Troll leather arm |       |       |       |    37 |   322 |     8 ||   367
Dodge: Dodged            |    70 |    71 |    74 |   102 |   236 |    11 ||   564
Block: Other             |       |       |       |    13 |    64 |       ||    77
       Reflection        |       |       |       |       |     9 |       ||     9
